 Dungeon Crawl Stone Soup version 0.30-a0-939-gc8157cb160 (webtiles) character file.

Game seed: 9276724758369879358

15 ragingrage the Slasher (level 2, -5/26 HPs)
             Began as an Armataur Monk on Mar 26, 2023.
             Succumbed to a goblin's poison
             ... on level 1 of the Dungeon.
             The game lasted 00:01:21 (450 turns).

ragingrage the Slasher (Armataur Monk)               Turns: 450, Time: 00:01:22

Health: -5/26      AC:  4    Str: 16    XL:     2   Next: 34%
Magic:  2/2        EV: 10    Int: 10    God:
Gold:   26         SH:  0    Dex: 12    Spells: 1/1 levels left

rFire   . . .      SeeInvis .    j - +1 mace (venom)
rCold   . . .      Faith    .    (no shield)
rNeg    . . .      Spirit   .    e - +0 robe
rPois   .          Reflect  .    (no helmet)
rElec   .          Roll     +    (no cloak)
rCorr   .                        (no gloves)
Will    .....                    (no barding)
Stlth   ++                       (no amulet)
HPRegen 0.24/turn                (no ring)
MPRegen 0.08/turn                (no ring)

@: lethally poisoned (-5 -> -39)
A: large, rugged brown scales 3, deformed body, armoured tail, roll, long
tongue, awkward tongue
a: no special abilities


You were on level 1 of the Dungeon.
You visited 1 branch of the dungeon, and saw 1 of its levels.

You collected 26 gold pieces.

Inventory:

Hand Weapons
 a - a +0 falchion
 b - a +0 dagger
 j - a +1 mace of venom (weapon)
Missiles
 g - 17 stones (quivered)
Armour
 e - a +0 robe (worn)
Scrolls
 d - a scroll of identify
 f - a scroll of enchant armour
 h - a scroll of enchant weapon {unknown}
Potions
 c - a potion of ambrosia


   Skills:
 - Level 2.7 Fighting
 + Level 3.4 Long Blades
 - Level 2.2 Dodging
 - Level 2.2 Stealth


You had one spell level left.
You didn't know any spells.
Your spell library was empty.

Dungeon Overview and Level Annotations

Branches:
Dungeon (1/15)

Altars:

Annotations:
D:1 exclusion: gnoll


Innate Abilities, Weirdness & Mutations

You are completely covered in rugged brown scales. (AC +3, +7% HP)
Armour fits poorly on your strangely shaped body.
You have a long armoured tail.
You roll when moving toward enemies. (Rampage)
Your long tongue fully drains potion bottles. (2x potion effects)
Your tongue gives you trouble enunciating. (1.5x scroll delay)


Message History

You now have 26 gold pieces (gained 15).
A goblin comes into view. It is wielding a +5 dagger of venom.
Found 12 gold pieces.
Found a stone staircase leading down.
You see here 9 gold pieces.
You see here a +1 mace of venom.
j - a +1 mace of venom Your +1 mace of venom begins to drip with poison!
j - a +1 mace of venom (weapon)
A dart slug comes into view.
The dart slug launches a dart at you. The slug dart hits you.
You roll towards the goblin!
You hit the goblin. The goblin hits you but does no damage.
You are poisoned.
The dart slug launches a dart at you. The slug dart hits you.
You closely miss the goblin.
Your tail-slap misses the goblin.
You feel very sick.
The goblin hits you with a +5 dagger of venom.
You are lethally poisoned!
The dart slug launches a dart at you. The slug dart hits you.
The goblin hits you with a +5 dagger of venom.
* * * LOW HITPOINT WARNING * * *
You are more poisoned.
It was a potion of heal wounds.
You feel much better.
You slurp down every last drop of the potion of heal wounds!
You feel extremely sick. The goblin closely misses you.
Unknown command.
You aren't carrying any items that you can evoke.
As you slowly read the scroll labelled XEXKAO KYUTIT, it crumbles to dust.
It is a scroll of identify.
f - a scroll of enchant armour You feel extremely sick.
The goblin hits you with a +5 dagger of venom.
* * * LOW HITPOINT WARNING * * *
You are more poisoned.
You barely miss the goblin.
You die...

#########
#$.>.....
####g..$....
#####...@....w..
.........?......
####...........
#........... .#
#...^....... ..#
#.$.........
#.###..........#
#.#............#
###.#.#####..##.##
#♣♣#♣


You could see a dart slug and a goblin.

Vanquished Creatures
  2 dart slugs (D:1)
  2 endoplasms (D:1)
  2 goblins (D:1)
  A kobold (D:1)
  2 ball pythons (D:1)
  A bat (D:1)
10 creatures vanquished.

Notes
Turn   | Place    | Note
-------+----------+-------------------------------------------
     0 | D:1      | ragingrage the Armataur Monk began the quest for the Orb.
     0 | D:1      | Reached XP level 1. HP: 19/19 MP: 1/1
   183 | D:1      | Reached skill level 3 in Long Blades
   217 | D:1      | Reached XP level 2. HP: 25/26 MP: 2/2
   450 | D:1      | Succumbed to a goblin's poison

Illustrated notes

Levels and vault maps discovered:
D:1:      amcnicky_arrival_underground_garden, layout_rooms

Skill      XL: |  1 |
---------------+----+-----
Long Blades    | 3 |  3.4
Fighting       | |  2.7
Dodging        | |  2.2
Stealth        | |  2.2

Action                     || total
---------------------------++-------
  Melee: Falchion          ||    17
         Tailslap          ||     2
         Dagger            ||     4
         Mace              ||     3
    Use: Scroll            ||     1
         Potion            ||     1
   Stab: Sleeping          ||     2
         Distracted        ||     1
 Armour: Robe              ||     4
  Dodge: Dodged            ||     7

Table legend: (Time is in decaauts)
 A = Elapsed time spent in this place.
 B = Non-inter-level travel time spent in this place.
 C = Inter-level travel time spent in this place.
 D = Time resting spent in this place.
 E = Time spent auto-exploring this place.
 F = Levels seen in this place.
 G = Mean time per level.
                   A        B        C        D        E       F      G
               +--------+--------+--------+--------+--------+-----+--------+
         Total |    448 |    444 |      4 |    141 |    146 |   1 |  448.0 |
       Dungeon |    448 |    444 |      4 |    141 |    146 |   1 |  448.0 |
               +--------+--------+--------+--------+--------+-----+--------+

Top non-repeatable levels by time:
     D:1: 448 daAuts
